 Dungeon Crawl Stone Soup version 0.29.1-1-gd02db6906a (webtiles) character file.

Game seed: 10621662098309770423

16 xian the Trooper (level 2, -14/33 HPs)
             Began as an Ogre Chaos Knight on Oct 7, 2022.
             Was a Plaything of Xom.
             Demolished by a wind drake (shapeshifter) (16 damage)
             ... on level 2 of the Dungeon.
             The game lasted 00:01:26 (1009 turns).

xian the Trooper (Ogre Chaos Knight)                Turns: 1009, Time: 00:01:26

Health: -14/33     AC:  5    Str: 15      XL:     2   Next: 54%
Magic:  2/2        EV:  9    Int: 13      God:    Xom [*.....]
Gold:   42         SH:  0    Dex:  7 (8)  Spells: 1/1 levels left

rFire   . . .      SeeInvis .   a - +0 hand axe (chaos)
rCold   . . .      Faith    .   (no shield)
rNeg    . . .      Spirit   .   b - +2 robe
rPois   .          Reflect  .   (helmet restricted)
rElec   .          Harm     .   (no cloak)
rCorr   .          Rampage  .   (gloves unavailable)
Will    .....                   (boots unavailable)
Stlth   +.........              (no amulet)
HPRegen 0.11/turn               (no ring)
MPRegen 0.08/turn               (no ring)

@: no status effects
A: large, unfitting armour, tough skin 1
a: Renounce Religion


You were on level 2 of the Dungeon.
You worshipped Xom.
You were a special plaything of Xom.
You visited 1 branch of the dungeon, and saw 2 of its levels.

You collected 42 gold pieces.

Inventory:

Hand Weapons
 a - a +0 hand axe of chaos (weapon)
Missiles
 d - 8 stones
Armour
 b - a +2 robe (worn)
Scrolls
 f - a scroll of brand weapon {unknown}
 g - a scroll of identify {unknown}
 j - a scroll of fear {unknown}
Potions
 e - a potion of ambrosia {unknown}
 h - a potion of resistance {unknown}
 i - a potion of brilliance {unknown}
 k - a potion of magic {unknown}
Miscellaneous
 c - a piece from Xom's chessboard (15/15) (quivered)


   Skills:
 + Level 4.6 Fighting
 + Level 3.3 Axes
 + Level 2.1 Dodging


You had one spell level left.
You didn't know any spells.
Your spell library contained the following spells:

 Spells                   Type           Power      Damage    Failure   Level
 Ozocubu's Armour         Ice            0%         N/A       67%         3
 Ozocubu's Refrigeration  Ice            0%         4d7       100%        7


Dungeon Overview and Level Annotations

Branches:
Dungeon (2/15)

Altars:

Annotations:
D:1 1 runed translucent door


Innate Abilities, Weirdness & Mutations

You are too large for most types of armour.
You have tough skin. (AC +1)


Message History

The ball python hisses angrily.
You see here a bubbling dark potion.
k - a bubbling dark potion The ball python closely misses you.
The ball python bites you but does no damage.
You closely miss the ball python. The ball python closely misses you.
You hit the ball python but do no damage.
The ball python changes into a shapeshifter!
Xom is amused.
The shapeshifter changes into a hornet!
You closely miss the hornet.
You hear Xom's avuncular chuckle.
The hornet changes into a shapeshifter!
The shapeshifter changes into a wind drake!
You hit the wind drake but do no damage.
Your punch misses the wind drake. The wind drake flaps its wings at you.
The air twists around and strikes you!
Unknown command.
You hit the wind drake.
The wind drake is lightly wounded.
The wind drake completely misses you.
You hit the wind drake. You freeze the wind drake.
The wind drake is lightly wounded.
The wind drake bites you.
You closely miss the wind drake.
The wind drake is lightly wounded.
The wind drake begins repelling missiles!
The wind drake bites you.
You hit the wind drake.
The wind drake seems to grow stronger.
Xom thinks this is hilarious!
The wind drake is moderately wounded.
The wind drake bites you!
* * * LOW HITPOINT WARNING * * *
Xom thinks this is hilarious!
You hit the wind drake but do no damage.
The wind drake is lightly wounded.
The wind drake bites you!
You die...
Xom snickers!

#.#.#####
#......
#....####.# ##
#..#.<....# #.
#...)######
#.###.#....#
.##.#....#..##.#
.........#†....#
##.###@.#..##..#
#..k##..#....#
#...#...#....#
#...#..###...#
..###..#. #..#
#.. #... . ..#
## #... .. .#
.### ## ## ..


You could see a wind drake shaped shifter (strong, repels missiles).

Vanquished Creatures
  2 ball pythons
  5 endoplasms (D:1)
  A goblin (D:1)
  A hobgoblin (D:1)
  A bat (D:2)
  A frilled lizard (D:1)
  A kobold (D:1)
  2 rats (D:1)
14 creatures vanquished.

Notes
Turn   | Place    | Note
-------+----------+-------------------------------------------
     0 | D:1      | xian the Ogre Chaos Knight began the quest for the Orb.
     0 | D:1      | Reached XP level 1. HP: 24/24 MP: 1/1
     1 | D:1      | Found a runed translucent door.
    69 | D:1      | XOM: silly message
   151 | D:1      | XOM: stat loss: -1 Dex (7/8)
   400 | D:1      | Reached XP level 2. HP: 31/33 MP: 2/2
   777 | D:1      | XOM: silly message
  1002 | D:2      | Noticed a shapeshifter
  1002 | D:2      | a ball python changed into a shapeshifter
  1002 | D:2      | Noticed a hornet
  1002 | D:2      | a shapeshifter changed into a hornet
  1003 | D:2      | Noticed a shapeshifter
  1003 | D:2      | a hornet changed into a shapeshifter
  1003 | D:2      | XOM: polymorph hornet -> shapeshifter
  1003 | D:2      | Noticed a wind drake
  1003 | D:2      | a shapeshifter changed into a wind drake
  1009 | D:2      | Demolished by a wind drake (shapeshifter)

Illustrated notes

Levels and vault maps discovered:
D:1:      dpeg_arrival_caged_fury, layout_basic, serial_corexii_hall,
          chequers_hall_statues_y, corexii_hall_statues_i,
          corexii_hall_statues_t, dreamdust_princess_corridor
D:2:      minmay_evil_eye, layout_loops_ring, nicolae_eternal_life,
          nicolae_titane

Action                   || total
-------------------------++-------
Melee: Hand axe          ||    43
Armor: Robe              ||    20
Dodge: Dodged            ||    18
